ITL
ALLENTOWN HILLBILLIES @ WABA DUCKS
05/09/2027
 
TOP OF THE 1ST
Allentown Hillbillies batting - Pitching for Waba Ducks : RHP Miguel Guerrero
Pitching: RHP Miguel Guerrero
Batting: RHB Carl Brown 0-0: DOUBLE (Flyball, 78D)
Batting: LHB Miguel Colón 0-0: Foul Ball, location: 2F
0-1: Swinging Strike
0-2: Foul Ball, location: 2F
0-2: Strikes out swinging
Batting: RHB José Mora 0-0: Ball
1-0: Fly out, F9 (Flyball, 9D)
Runner from 2nd tags up, SAFE at 3rd, no throw
Batting: RHB Tim Gardner 0-0: Fly out, F9 (Flyball, 89M)
Top of the 1st over - 0 run(s), 1 hit(s), 0 error(s), 1 left on base; Allentown 0 - Waba 0
BOTTOM OF THE 1ST
Waba Ducks batting - Pitching for Allentown Hillbillies : RHP Okura Oike
Pitching: RHP Okura Oike
Batting: RHB António Valdéz 0-0: Foul Ball, location: 2F
0-1: Foul Ball, location: 2F
0-2: Ball
1-2: Fly out, F9 (Flyball, 89M)
Batting: RHB Tokuhei Kobayashi 0-0: Called Strike
0-1: Ball
1-1: Foul Ball, location: 2F
1-2: Ball
2-2: Ball
3-2: Ground out U3 (Groundball, 3)
Batting: RHB Jeremy Flemming 0-0: Ball
1-0: Ball
2-0: Ball
3-0: Called Strike
3-1: Base on Balls
Batting: RHB Chris Osborn 0-0: Called Strike
0-1: Ball
1-1: Called Strike
1-2: Strikes out swinging
Bottom of the 1st over - 0 run(s), 0 hit(s), 0 error(s), 1 left on base; Allentown 0 - Waba 0
TOP OF THE 2ND
Allentown Hillbillies batting - Pitching for Waba Ducks : RHP Miguel Guerrero
Batting: RHB Millard Stark 0-0: Swinging Strike
0-1: Called Strike
0-2: Ball
1-2: Strikes out swinging
Batting: LHB Rafael Flores 0-0: Ball
1-0: Ball
2-0: Ball
3-0: Foul Ball, location: 2F
3-1: Base on Balls
Batting: RHB Jimmy Simon 0-0: Called Strike
0-1: Grounds into double play, 4-6-3 (Groundball, 4)
Top of the 2nd over - 0 run(s), 0 hit(s), 0 error(s), 0 left on base; Allentown 0 - Waba 0
BOTTOM OF THE 2ND
Waba Ducks batting - Pitching for Allentown Hillbillies : RHP Okura Oike
Batting: RHB Ed Small 0-0: Ball
1-0: Ball
2-0: Foul Ball, location: 2F
2-1: Foul Ball, location: 2F
2-2: Fly out, F9 (Flyball, 9S)
Batting: LHB Howard Evans 0-0: Swinging Strike
0-1: Ball
1-1: Ball
2-1: Swinging Strike
2-2: Foul Ball, location: 2F
2-2: Ball
3-2: Foul Ball, location: 2F
3-2: Foul Ball, location: 2F
3-2: Ground out U3 (Groundball, 3)
Batting: RHB Paul Spencer 0-0: Called Strike
0-1: Ball
1-1: Fly out, F9 (Flyball, 9S)
Bottom of the 2nd over - 0 run(s), 0 hit(s), 0 error(s), 0 left on base; Allentown 0 - Waba 0
TOP OF THE 3RD
Allentown Hillbillies batting - Pitching for Waba Ducks : RHP Miguel Guerrero
Batting: LHB Eduardo Rodríguez 0-0: Swinging Strike
0-1: Ground out 5-3 (Groundball, 25)
Batting: RHB Joel Jackson 0-0: Ground out 5-3 (Groundball, 56S)
Batting: RHB Carl Brown 0-0: Ball
1-0: Ground out 6-3 (Groundball, 6MS)
Top of the 3rd over - 0 run(s), 0 hit(s), 0 error(s), 0 left on base; Allentown 0 - Waba 0
BOTTOM OF THE 3RD
Waba Ducks batting - Pitching for Allentown Hillbillies : RHP Okura Oike
Batting: RHB Pedro Molina 0-0: Ball
1-0: SINGLE (Groundball, 56D)
Batting: RHB Ángelo García 0-0: Foul Ball, location: 2F
0-1: Foul Ball, location: 2F
0-2: Strikes out swinging
Batting: RHB António Valdéz 0-0: Called Strike
0-1: Foul Ball, location: 2F
0-2: Strikes out swinging
Batting: RHB Tokuhei Kobayashi 0-0: Called Strike
0-1: SINGLE (Groundball, 6MD)
Pedro Molina to second
Batting: RHB Jeremy Flemming 0-0: Ball
1-0: Ball
2-0: Called Strike
2-1: Foul Ball, location: 2F
2-2: Foul Ball, location: 2F
2-2: DOUBLE (Groundball, 5L)
Pedro Molina scores
Tokuhei Kobayashi to third
Pitching: RHP Pepe Fernández
Batting: RHB Chris Osborn 0-0: Called Strike
0-1: Ball
1-1: Ball
2-1: 3-RUN HOME RUN (Flyball, 7LD), Distance : 330 ft
Batting: RHB Ed Small 0-0: Called Strike
0-1: Foul Ball, location: 2F
0-2: Ball
1-2: Foul Ball, location: 2F
1-2: Ground out 5-3 (Groundball, 56S)
Bottom of the 3rd over - 4 run(s), 4 hit(s), 0 error(s), 0 left on base; Allentown 0 - Waba 4
TOP OF THE 4TH
Allentown Hillbillies batting - Pitching for Waba Ducks : RHP Miguel Guerrero
Batting: LHB Miguel Colón 0-0: Foul Ball, location: 2F
0-1: Ball
1-1: Ball
2-1: Ball
3-1: Base on Balls
Batting: RHB José Mora 0-0: Ball
1-0: SINGLE (Groundball, 4MD)
Miguel Colón to second
Batting: RHB Tim Gardner 0-0: SINGLE (Line Drive, 4)
Miguel Colón to third
José Mora to second
Batting: RHB Millard Stark 0-0: Called Strike
0-1: Fly out, F9 (Flyball, 9LSF)
Runner from 3rd tags up, SCORES, no throw
Batting: LHB Rafael Flores 0-0: Swinging Strike
0-1: Ball
1-1: Grounds into double play, 4-6-3 (Groundball, 4)
Top of the 4th over - 1 run(s), 2 hit(s), 0 error(s), 1 left on base; Allentown 1 - Waba 4
BOTTOM OF THE 4TH
Waba Ducks batting - Pitching for Allentown Hillbillies : RHP Pepe Fernández
Batting: LHB Howard Evans 0-0: Foul Ball, location: 2F
0-1: Foul Ball, location: 2F
0-2: Ball
1-2: Ball
2-2: SINGLE (Groundball, 34D)
Batting: RHB Paul Spencer 0-0: Ball
1-0: Ball
2-0: Ball
3-0: Base on Balls
Howard Evans to second
Batting: RHB Pedro Molina 0-0: Called Strike
0-1: Ball
1-1: Grounds into double play, 6-4-3 (Groundball, 6)
Howard Evans to third
Batting: RHB Ángelo García 0-0: SINGLE (Line Drive, 4M)
Howard Evans scores
Batting: RHB António Valdéz 0-0: Ball
1-0: Foul Ball, location: 2F
1-1: Foul Ball, location: 2F
1-2: Foul Ball, location: 2F
1-2: Ball
2-2: Strikes out swinging
Bottom of the 4th over - 1 run(s), 2 hit(s), 0 error(s), 1 left on base; Allentown 1 - Waba 5
TOP OF THE 5TH
Allentown Hillbillies batting - Pitching for Waba Ducks : RHP Miguel Guerrero
Batting: RHB Jimmy Simon 0-0: Called Strike
0-1: Ball
1-1: Ball
2-1: Ground out 1-3 (Groundball, 15)
Batting: LHB Eduardo Rodríguez 0-0: Ball
1-0: Ground out 5-3 (Groundball, 56)
Batting: RHB Joel Jackson 0-0: Ball
1-0: Ball
2-0: Foul Ball, location: 2F
2-1: Foul Ball, location: 2F
2-2: Foul Ball, location: 2F
2-2: Foul Ball, location: 2F
2-2: Foul Ball, location: 2F
2-2: DOUBLE (Line Drive, 78XD)
Batting: RHB Carl Brown 0-0: Called Strike
0-1: Called Strike
0-2: Ball
1-2: Foul Ball, location: 2F
1-2: Ball
2-2: Strikes out swinging
Top of the 5th over - 0 run(s), 1 hit(s), 0 error(s), 1 left on base; Allentown 1 - Waba 5
BOTTOM OF THE 5TH
Waba Ducks batting - Pitching for Allentown Hillbillies : RHP Pepe Fernández
Batting: RHB Tokuhei Kobayashi 0-0: Ball
1-0: Ball
2-0: Foul Ball, location: 2F
2-1: Ball
3-1: Base on Balls
Batting: RHB Jeremy Flemming 0-0: Ball
1-0: Ball
2-0: Ball
3-0: Called Strike
3-1: Foul Ball, location: 2F
3-2: Base on Balls
Tokuhei Kobayashi to second
Batting: RHB Chris Osborn 0-0: Fly out, F4 (Popup, 3D)
Batting: RHB Ed Small 0-0: Called Strike
0-1: Ball
1-1: Ball
2-1: Grounds into double play, 1-6-3 (Groundball, P)
Bottom of the 5th over - 0 run(s), 0 hit(s), 0 error(s), 1 left on base; Allentown 1 - Waba 5
TOP OF THE 6TH
Allentown Hillbillies batting - Pitching for Waba Ducks : RHP Miguel Guerrero
Batting: LHB Miguel Colón 0-0: Ball
1-0: SINGLE (Flyball, 78S)
Batting: RHB José Mora 0-0: Ball
1-0: Ball
Wild Pitch!
Miguel Colón to second
2-0: Ball
3-0: Called Strike
3-1: Called Strike
3-2: Foul Ball, location: 2F
3-2: Foul Ball, location: 2F
3-2: Foul Ball, location: 2F
3-2: Foul Ball, location: 2F
3-2: Foul Ball, location: 2F
3-2: Base on Balls
Batting: RHB Tim Gardner 0-0: Foul Ball, location: 2F
0-1: Ball
1-1: Foul Ball, location: 2F
1-2: Strikes out looking
Batting: RHB Millard Stark 0-0: Ball
1-0: Called Strike
1-1: Called Strike
1-2: Foul Ball, location: 2F
1-2: Strikes out looking
Batting: LHB Rafael Flores 0-0: Ball
1-0: Ball
2-0: Ball
3-0: Base on Balls
Miguel Colón to third
José Mora to second
Batting: RHB Jimmy Simon 0-0: Ball
1-0: Ball
2-0: DOUBLE (Line Drive, 89D)
Miguel Colón scores
José Mora scores
Rafael Flores to third
Batting: LHB Eduardo Rodríguez 0-0: Ball
1-0: Ball
2-0: Foul Ball, location: 2F
2-1: Ball
3-1: Called Strike
3-2: Foul Ball, location: 2F
3-2: Base on Balls
Pitching: RHP Esteban Gonzáles
Batting: RHB Joel Jackson 0-0: Swinging Strike
0-1: Swinging Strike
0-2: Ball
1-2: Strikes out swinging
Top of the 6th over - 2 run(s), 2 hit(s), 0 error(s), 3 left on base; Allentown 3 - Waba 5
BOTTOM OF THE 6TH
Waba Ducks batting - Pitching for Allentown Hillbillies : RHP Pepe Fernández
Pitching: LHP Alberto Maldonado
Batting: LHB Howard Evans 0-0: Ball
1-0: Swinging Strike
1-1: Fly out, F7 (Flyball, 7)
Batting: RHB Paul Spencer 0-0: Called Strike
0-1: Ground out 6-3 (Groundball, 6M)
Batting: RHB Pedro Molina 0-0: Called Strike
0-1: Fly out, F6 (Line Drive, 6)
Bottom of the 6th over - 0 run(s), 0 hit(s), 0 error(s), 0 left on base; Allentown 3 - Waba 5
TOP OF THE 7TH
Allentown Hillbillies batting - Pitching for Waba Ducks : RHP Esteban Gonzáles
Batting: RHB Carl Brown 0-0: Called Strike
0-1: Ball
1-1: Ground out 4-3 (Groundball, 4)
Batting: LHB Miguel Colón 0-0: Ball
1-0: Called Strike
1-1: Called Strike
1-2: Strikes out swinging
Batting: RHB José Mora 0-0: SOLO HOME RUN (Flyball, 78XD), Distance : 465 ft
Batting: RHB Tim Gardner 0-0: Ball
1-0: Ball
2-0: Fly out, F9 (Flyball, 9LM)
Top of the 7th over - 1 run(s), 1 hit(s), 0 error(s), 0 left on base; Allentown 4 - Waba 5
BOTTOM OF THE 7TH
Waba Ducks batting - Pitching for Allentown Hillbillies : LHP Alberto Maldonado
Batting: RHB Ángelo García 0-0: Called Strike
0-1: Foul Ball, location: 2F
0-2: Ball
1-2: Ball
2-2: Ball
3-2: Foul Ball, location: 2F
3-2: Fly out, F6 (Popup, 56D)
Batting: RHB António Valdéz 0-0: SINGLE (Line Drive, 8RS)
Batting: RHB Tokuhei Kobayashi 0-0: Ball
1-0: Foul Ball, location: 2F
1-1: Swinging Strike
1-2: Foul Ball, location: 2F
1-2: Ball
2-2: Ball
3-2: Strikes out swinging
Batting: RHB Jeremy Flemming 0-0: Called Strike
0-1: Ball
1-1: Ball
2-1: Fly out, F9 (Line Drive, 9LM)
Bottom of the 7th over - 0 run(s), 1 hit(s), 0 error(s), 1 left on base; Allentown 4 - Waba 5
TOP OF THE 8TH
Allentown Hillbillies batting - Pitching for Waba Ducks : RHP Esteban Gonzáles
Pitching: RHP Stan Stewart
Now at 1B: Ed Hunter
Batting: RHB Millard Stark 0-0: Called Strike
0-1: Swinging Strike
0-2: Strikes out swinging
Batting: LHB Rafael Flores 0-0: Swinging Strike
0-1: Foul Ball, location: 2F
0-2: Strikes out looking
Batting: RHB Jimmy Simon 0-0: DOUBLE (Flyball, 78D)
Batting: LHB Eduardo Rodríguez 0-0: Ball
1-0: Called Strike
1-1: Swinging Strike
1-2: Ball
2-2: Ball
3-2: Base on Balls
Batting: RHB Joel Jackson 0-0: Called Strike
0-1: Foul Ball, location: 2F
0-2: Fly out, F9 (Flyball, 9S)
Top of the 8th over - 0 run(s), 1 hit(s), 0 error(s), 2 left on base; Allentown 4 - Waba 5
BOTTOM OF THE 8TH
Waba Ducks batting - Pitching for Allentown Hillbillies : LHP Alberto Maldonado
Batting: RHB Chris Osborn 0-0: Ball
1-0: Ground out 1-3 (Groundball, 15S)
Batting: RHB Ed Small 0-0: Called Strike
0-1: Foul Ball, location: 2F
0-2: Ball
1-2: SINGLE (Groundball, 34D)
Batting: LHB Howard Evans 0-0: Fielders Choice at 2nd, 5-4 (Groundball, 6)
Now at 2B: Donald Sanford
Batting: RHB Paul Spencer 0-0: Ball
1-0: Fly out, F8 (Flyball, 89M)
Bottom of the 8th over - 0 run(s), 1 hit(s), 0 error(s), 1 left on base; Allentown 4 - Waba 5
TOP OF THE 9TH
Allentown Hillbillies batting - Pitching for Waba Ducks : RHP Stan Stewart
Pitching: RHP Bartolo Romo
Pinch Hitting: LHB Marcos Vargas 0-0: Ball
1-0: Called Strike
1-1: Ball
2-1: Ground out U3 (Groundball, 3)
Batting: LHB Miguel Colón 0-0: Foul Ball, location: 2F
0-1: Swinging Strike
0-2: Fly out, F7 (Flyball, 78M)
Batting: RHB Donald Sanford 0-0: Called Strike
0-1: Ball
1-1: SINGLE (Flyball, 7S)
Batting: RHB Tim Gardner 0-0: SINGLE (Flyball, 8LS)
Donald Sanford to second
Batting: RHB Millard Stark 0-0: Ball
1-0: Swinging Strike
1-1: Called Strike
1-2: Fielders Choice at 2nd, 6-4 (Groundball, 6)
Top of the 9th over - 0 run(s), 2 hit(s), 0 error(s), 1 left on base; Allentown 4 - Waba 5
Thursday, March 30th, 2017 - OOTP Baseball 17.12 Build 75